 Dungeon Crawl Stone Soup version 0.25-a0-310-g60f0ac2d9a (webtiles) character file.

Game seed: 13644188218819270747, levelgen mode: classic

162 Borgoz the Cudgeler (level 5, -7/48 HPs)
             Began as a Gargoyle Berserker on Dec 24, 2019.
             Was a Priest of Trog.
             Mangled by Menkaure (17 damage)
             ... on level 4 of the Dungeon.
             The game lasted 00:03:08 (3409 turns).

Borgoz the Cudgeler (Gargoyle Berserker)            Turns: 3409, Time: 00:03:09

Health: -7/48      AC: 16    Str: 26    XL:     5   Next: 43%
Magic:  5/5        EV: 12    Int:  7    God:    Trog [***...]
Gold:   105        SH:  0    Dex: 10    Spells: 4/4 levels left

rFire    . . .     SeeInvis .   a - +0 mace
rCold    . . .     Gourm    .   (no shield)
rNeg     + . .     Faith    +   r - +4 ring mail
rPois    ∞         Spirit   .   h - +0 helmet
rElec    +         Reflect  .   (no cloak)
rCorr    .         Harm     .   (no gloves)
MR       +++..                  o - +0 pair of boots
Stlth    ..........             i - amulet of faith
HPRegen  1.16/turn              p - ring of protection from magic
MPRegen  0.09/turn              (no ring)

@: berserking, regenerating, very quick
A: negative energy resistance 1, electricity resistance, unbreathing,
petrification resistance, rot immunity, AC +4
a: Berserk, Trog's Hand, Renounce Religion


You were on level 4 of the Dungeon.
You worshipped Trog.
Trog was most pleased with you.
You were very hungry.

You visited 1 branch of the dungeon, and saw 4 of its levels.

You collected 105 gold pieces.

Inventory:

Hand Weapons
 a - a +0 mace (weapon)
Armour
 h - a +0 helmet (worn)
 o - a +0 pair of boots (worn)
 r - a +4 ring mail (worn)
Jewellery
 d - an uncursed ring of fire
 i - an amulet of faith (around neck)
 p - a ring of protection from magic (left hand)
Scrolls
 b - a scroll of identify {unknown}
 e - 3 scrolls of teleportation {unknown}
 f - 3 scrolls of enchant armour {unknown}
 g - 2 scrolls of remove curse {unknown}
 k - 2 scrolls of enchant weapon {unknown}
 m - a scroll of magic mapping {unknown}
 n - a scroll of amnesia {unknown}
Potions
 j - a potion of flight {unknown}
 l - 4 potions of agility {unknown}
 s - a potion of might {unknown}
Comestibles
 c - 8 rations


   Skills:
 - Level 3.2 Fighting
 + Level 4.1 Maces & Flails
 + Level 3.9 Armour
 + Level 2.8 Dodging


You had 4 spell levels left.
You didn't know any spells.
Your spell library was empty.

Dungeon Overview and Level Annotations

Branches:
Dungeon (4/15)
 Temple: D:4-7

Altars:
Cheibriados
Sif Muna
Uskayaw

Annotations:
D:4 Menkaure


Innate Abilities, Weirdness & Mutations

You are resistant to torment.
Your stone body is resilient. (AC +4)
You are immune to poison.
You resist negative energy. (rN+)
You are resistant to electric shocks. (rElec)
You can survive without breathing.
You are immune to petrification.
You are immune to rotting.


Message History

Menkaure hits you!
You are too injured to fight recklessly!
Your skin crawls.
You feel resistant to hostile enchantments.
You are feeling hungry.
Menkaure gestures wildly while chanting.
Menkaure seems to speed up.
A red film seems to cover your vision as you go berserk!
You feel yourself moving faster!
You feel mighty!
You are feeling very hungry.
Menkaure hits you but does no damage.
You thump Menkaure!
Menkaure is severely damaged.
Menkaure rustles, "Let me perform the rites..."
Menkaure hits you!
* * * LOW HITPOINT WARNING * * *
You hit Menkaure.
Menkaure is almost destroyed.
Menkaure hits you!
You die...

#.# #.# #.# #.# #.# #.#
#.#
###################.#.#
................@M..#.#
#####################.#
......................#
#######################


You could see Menkaure.

Vanquished Creatures
  8 adders
  A worm (D:4)
  4 dart slugs
  4 leopard geckos
  6 orcs
  9 bats
  2 giant cockroaches
  4 goblins
  9 hobgoblins
  8 jackals
  4 kobolds
  2 frilled lizards
  A jackal skeleton (D:4)
  6 rats
68 creatures vanquished.

Notes
Turn   | Place    | Note
-------+----------+-------------------------------------------
     0 | D:1      | Borgoz the Gargoyle Berserker began the quest for the Orb.
     0 | D:1      | Reached XP level 1. HP: 14/14 MP: 1/1
   138 | D:1      | Reached XP level 2. HP: 15/19 MP: 2/2
   715 | D:1      | Reached XP level 3. HP: 23/23 MP: 3/3
  1315 | D:2      | Reached ** piety under Trog
  1468 | D:2      | Reached XP level 4. HP: 28/28 MP: 4/4
  1902 | D:3      | Found a snail-covered altar of Cheibriados.
  1902 | D:3      | Found a shimmering blue altar of Sif Muna.
  2245 | D:3      | You fall into a shaft and drop 1 floor!
  2437 | D:4      | Reached XP level 5. HP: 28/32 MP: 5/5
  2698 | D:3      | Reached *** piety under Trog
  2698 | D:3      | Reached skill level 4 in Maces & Flails
  3236 | D:4      | Found a hide-covered altar of Uskayaw.
  3400 | D:4      | Noticed Menkaure
  3409 | D:4      | Mangled by Menkaure

Levels and vault maps discovered:
D:1:      matt_arrival_refuge, layout_basic
D:2:      layout_loops_ring
D:3:      layout_basic, gammafunk_temple_overflow_statue, patterned_corridor
D:4:      layout_basic, lemuel_crystal_altar, first_ration, feat_on_display,
          uniq_menkaure

Skill      XL: |  1  2  3  4  5 |
---------------+----------------+-----
Dodging        | 2 |  2.8
Armour         | 3 |  3.9
Maces & Flails | 4 |  4.1
Fighting       | |  3.2

Action                   |  1- 3 |  4- 6 || total
-------------------------+-------+-------++-------
Melee: Mace              |   125 |   128 ||   253
Invok: Berserk           |     1 |     1 ||     2
       Trog's Hand       |       |     1 ||     1
  Eat: Chunk             |     2 |     7 ||     9
Armor: Animal skin       |    54 |     1 ||    55
       Ring mail         |       |    66 ||    66
       Scale mail        |       |     8 ||     8
Dodge: Dodged            |   116 |    88 ||   204

Table legend:
 A = Non-vault XP
 B = Vault XP
 C = Vault XP percentage of total XP
 D = Non-vault monster count
 E = Vault monster count
 F = Vault count percentage of total count
                 A         B        C        D         E       F
            +---------+---------+-------+---------+---------+-------
      Total |     232 |       0 |   0.0 |      68 |       0 |   0.0
            +---------+---------+-------+---------+---------+-------
        D:1 |      44 |       0 |   0.0 |      22 |       0 |   0.0
        D:2 |      58 |       0 |   0.0 |      19 |       0 |   0.0
        D:3 |     100 |       0 |   0.0 |      21 |       0 |   0.0
        D:4 |      30 |       0 |   0.0 |       6 |       0 |   0.0
            +---------+---------+-------+---------+---------+-------
